3A
BELLEVILLE BULLS @ BELLEVUE BRUINS
08/22/2022
 
TOP OF THE 1ST
Belleville Bulls batting - Pitching for Bellevue Bruins : RHP Fred Wilson
Pitching: RHP Fred Wilson
Batting: RHB Gabriel López 0-0: Called Strike
0-1: Ball
1-1: Foul Ball, location: 2F
1-2: Ball
2-2: Fly out, F8 (Line Drive, 8LS)
Batting: RHB Paddy Hodnett 0-0: Ball
1-0: Foul Ball, location: 2F
1-1: SINGLE (Line Drive, 56)
Batting: RHB Jesús Soto 0-0: Ball
1-0: Ball
2-0: Swinging Strike
2-1: Foul Ball, location: 2F
2-2: Foul Ball, location: 2F
2-2: Strikes out swinging
Batting: RHB Henry Mann 0-0: Called Strike
0-1: Ball
1-1: Ball
2-1: Fly out, F9 (Flyball, 9S)
Top of the 1st over - 0 run(s), 1 hit(s), 0 error(s), 1 left on base; Belleville 0 - Bellevue 0
BOTTOM OF THE 1ST
Bellevue Bruins batting - Pitching for Belleville Bulls : RHP José Zavala
Pitching: RHP José Zavala
Batting: RHB Jesús Vargas 0-0: Fly out, F8 (Flyball, 8RM)
Batting: RHB Leo Shoemaker 0-0: Ball
1-0: Ball
2-0: Called Strike
2-1: Foul Ball, location: 2F
2-2: SINGLE (Line Drive, 34)
Batting: RHB José Carlos Pérez 0-0: Ball
1-0: Called Strike
1-1: Foul Ball, location: 2F
1-2: Ball
2-2: Foul Ball, location: 2F
2-2: Ground out 5-3 (Groundball, 5S)
Leo Shoemaker to second
Batting: RHB Nelson Abbey 0-0: Swinging Strike
0-1: Swinging Strike
0-2: Ball
1-2: Strikes out swinging
Bottom of the 1st over - 0 run(s), 1 hit(s), 0 error(s), 1 left on base; Belleville 0 - Bellevue 0
TOP OF THE 2ND
Belleville Bulls batting - Pitching for Bellevue Bruins : RHP Fred Wilson
Batting: RHB Jaime Ramírez 0-0: Fly out, F7 (Flyball, 78M)
Batting: LHB Manuel Sánchez 0-0: Ball
1-0: Swinging Strike
1-1: Called Strike
1-2: Ball
2-2: SINGLE (Groundball, 3D)
Batting: RHB Ángel Rosa 0-0: Called Strike
0-1: Called Strike
0-2: Ball
1-2: Fly out, F9 (Flyball, 9M)
Batting: RHB Lee Charles 0-0: Ball
Throwing error on steal attempt, E2
Manuel Sánchez to third
1-0: Ball
2-0: Called Strike
2-1: Ground out 2-3 (Groundball, 2R)
Top of the 2nd over - 0 run(s), 1 hit(s), 1 error(s), 1 left on base; Belleville 0 - Bellevue 0
BOTTOM OF THE 2ND
Bellevue Bruins batting - Pitching for Belleville Bulls : RHP José Zavala
Batting: RHB Mark Bishop 0-0: Ball
1-0: Ground out 6-3 (Groundball, 6)
Batting: SHB Jesús Rodríguez 0-0: Swinging Strike
0-1: Swinging Strike
0-2: Ball
1-2: Ball
2-2: Ball
3-2: Strikes out looking
Batting: RHB Edgar González 0-0: Called Strike
0-1: Ball
1-1: Ball
2-1: Swinging Strike
2-2: Foul Ball, location: 2F
2-2: Strikes out swinging
Bottom of the 2nd over - 0 run(s), 0 hit(s), 0 error(s), 0 left on base; Belleville 0 - Bellevue 0
TOP OF THE 3RD
Belleville Bulls batting - Pitching for Bellevue Bruins : RHP Fred Wilson
Batting: RHB Howard Fewell 0-0: Foul Ball, location: 2F
0-1: Called Strike
0-2: Ball
1-2: Ball
2-2: Foul Ball, location: 2F
2-2: Strikes out looking
Batting: RHB Gabriel López 0-0: Bunted foul
0-1: Foul Ball, location: 2F
0-2: Fly out, F9 (Popup, 3D)
Batting: RHB Paddy Hodnett 0-0: Fly out, F9 (Flyball, 89M)
Top of the 3rd over - 0 run(s), 0 hit(s), 0 error(s), 0 left on base; Belleville 0 - Bellevue 0
BOTTOM OF THE 3RD
Bellevue Bruins batting - Pitching for Belleville Bulls : RHP José Zavala
Batting: RHB Nick Hoskins 0-0: Called Strike
0-1: Swinging Strike
0-2: Strikes out swinging
Batting: SHB Ramón García 0-0: SINGLE (Groundball, 6MD)
Batting: RHB Jesús Vargas 0-0: Foul Ball, location: 2F
0-1: Ball
1-1: Foul Ball, location: 2F
1-2: Grounds into double play, 5-4-3 (Groundball, 56)
Bottom of the 3rd over - 0 run(s), 1 hit(s), 0 error(s), 0 left on base; Belleville 0 - Bellevue 0
TOP OF THE 4TH
Belleville Bulls batting - Pitching for Bellevue Bruins : RHP Fred Wilson
Batting: RHB Jesús Soto 0-0: Ball
1-0: Foul Ball, location: 2F
1-1: Called Strike
1-2: Strikes out looking
Batting: RHB Henry Mann 0-0: Swinging Strike
0-1: Swinging Strike
0-2: Ball
1-2: Strikes out swinging
Batting: RHB Jaime Ramírez 0-0: Called Strike
0-1: Called Strike
0-2: Foul Ball, location: 2F
0-2: Foul Ball, location: 2F
0-2: Fly out, F3 (Popup, 3DF)
Top of the 4th over - 0 run(s), 0 hit(s), 0 error(s), 0 left on base; Belleville 0 - Bellevue 0
BOTTOM OF THE 4TH
Bellevue Bruins batting - Pitching for Belleville Bulls : RHP José Zavala
Batting: RHB Leo Shoemaker 0-0: Ball
1-0: Ground out 6-3 (Groundball, 6)
Batting: RHB José Carlos Pérez 0-0: Ball
1-0: SINGLE (Groundball, 4MD)
Batting: RHB Nelson Abbey 0-0: Ball
1-0: Swinging Strike
1-1: SINGLE (Groundball, 4M)
José Carlos Pérez to second
Batting: RHB Mark Bishop 0-0: Fielders Choice at 2nd, 6-4 (Groundball, 6)
José Carlos Pérez to third
Batting: SHB Jesús Rodríguez 0-0: Called Strike
0-1: Foul Ball, location: 2F
0-2: Ground out U3 (Groundball, 3S)
Bottom of the 4th over - 0 run(s), 2 hit(s), 0 error(s), 2 left on base; Belleville 0 - Bellevue 0
TOP OF THE 5TH
Belleville Bulls batting - Pitching for Bellevue Bruins : RHP Fred Wilson
Batting: LHB Manuel Sánchez 0-0: Called Strike
0-1: Ball
1-1: Ball
2-1: Ball
3-1: Called Strike
3-2: Foul Ball, location: 2F
3-2: Foul Ball, location: 2F
3-2: Strikes out swinging
Batting: RHB Ángel Rosa 0-0: Called Strike
0-1: Foul Ball, location: 2F
0-2: Ball
1-2: Ball
2-2: Strikes out looking
Batting: RHB Lee Charles 0-0: Ball
1-0: Ball
2-0: Called Strike
2-1: Ball
3-1: Called Strike
3-2: Ground out 4-3 (Groundball, 4)
Top of the 5th over - 0 run(s), 0 hit(s), 0 error(s), 0 left on base; Belleville 0 - Bellevue 0
BOTTOM OF THE 5TH
Bellevue Bruins batting - Pitching for Belleville Bulls : RHP José Zavala
Batting: RHB Edgar González 0-0: Called Strike
0-1: Ball
1-1: Called Strike
1-2: Ball
2-2: Ball
3-2: Strikes out swinging
Batting: RHB Nick Hoskins 0-0: Ball
1-0: Called Strike
1-1: Swinging Strike
1-2: Ball
2-2: Foul Ball, location: 2F
2-2: Foul Ball, location: 2F
2-2: Strikes out swinging
Batting: SHB Ramón García 0-0: Fly out, F7 (Line Drive, 78M)
Bottom of the 5th over - 0 run(s), 0 hit(s), 0 error(s), 0 left on base; Belleville 0 - Bellevue 0
TOP OF THE 6TH
Belleville Bulls batting - Pitching for Bellevue Bruins : RHP Fred Wilson
Batting: RHB Howard Fewell 0-0: SINGLE (Line Drive, 7S)
Batting: RHB Gabriel López 0-0: Sac Bunt - play at first, batter OUT! 2-3
Howard Fewell to second
Batting: RHB Paddy Hodnett 0-0: Called Strike
0-1: Foul Ball, location: 2F
0-2: Ball
1-2: Hit by Pitch
Batting: RHB Jesús Soto 0-0: Ball
1-0: Ball
2-0: SINGLE (Groundball, 25) (infield hit)
Howard Fewell to third
Paddy Hodnett to second
Batting: RHB Henry Mann 0-0: Swinging Strike
0-1: Called Strike
0-2: Foul Ball, location: 2F
0-2: Foul Ball, location: 2F
0-2: Ball
1-2: DOUBLE (Line Drive, 8LS)
Howard Fewell scores
Paddy Hodnett scores
Jesús Soto to third
Batting: RHB Jaime Ramírez 0-0: Called Strike
0-1: SINGLE (Groundball, 2L) (infield hit)
Batting: LHB Manuel Sánchez 0-0: Called Strike
0-1: Ball
1-1: Swinging Strike
1-2: Ball
2-2: Foul Ball, location: 2F
2-2: Strikes out swinging
Batting: RHB Ángel Rosa 0-0: Ball
1-0: Called Strike
1-1: Ball
2-1: Foul Ball, location: 2F
2-2: Ball
3-2: Strikes out looking
Top of the 6th over - 2 run(s), 4 hit(s), 0 error(s), 3 left on base; Belleville 2 - Bellevue 0
BOTTOM OF THE 6TH
Bellevue Bruins batting - Pitching for Belleville Bulls : RHP José Zavala
Batting: RHB Jesús Vargas 0-0: Called Strike
0-1: Swinging Strike
0-2: Strikes out looking
Batting: RHB Leo Shoemaker 0-0: Called Strike
0-1: Ball
1-1: Fly out, F4 (Popup, 34D)
Batting: RHB José Carlos Pérez 0-0: Foul Ball, location: 2F
0-1: Called Strike
0-2: Fly out, F4 (Popup, 34D)
Bottom of the 6th over - 0 run(s), 0 hit(s), 0 error(s), 0 left on base; Belleville 2 - Bellevue 0
TOP OF THE 7TH
Belleville Bulls batting - Pitching for Bellevue Bruins : RHP Fred Wilson
Batting: RHB Lee Charles 0-0: Called Strike
0-1: Foul Ball, location: 2F
0-2: Foul Ball, location: 2F
0-2: SINGLE (Flyball, 8LS)
Batting: RHB Howard Fewell 0-0: Bunted foul
0-1: Sac Bunt - play at first, batter OUT! 5-4
Lee Charles to second
Batting: RHB Gabriel López 0-0: Called Strike
0-1: Swinging Strike
0-2: Strikes out swinging
Batting: RHB Paddy Hodnett 0-0: Ball
1-0: Ball
2-0: Ball
3-0: Called Strike
3-1: Swinging Strike
3-2: Foul Ball, location: 2F
3-2: Foul Ball, location: 2F
3-2: Strikes out swinging
Top of the 7th over - 0 run(s), 1 hit(s), 0 error(s), 1 left on base; Belleville 2 - Bellevue 0
BOTTOM OF THE 7TH
Bellevue Bruins batting - Pitching for Belleville Bulls : RHP José Zavala
Batting: RHB Nelson Abbey 0-0: Swinging Strike
0-1: Ball
1-1: Swinging Strike
1-2: Foul Ball, location: 2F
1-2: Foul Ball, location: 2F
1-2: Strikes out swinging
Batting: RHB Mark Bishop 0-0: Called Strike
0-1: Ground out 5-3 (Groundball, 56S)
Batting: SHB Jesús Rodríguez 0-0: Ball
1-0: Ball
2-0: Ball
3-0: Called Strike
3-1: Called Strike
3-2: Ground out 6-3 (Groundball, 6)
Bottom of the 7th over - 0 run(s), 0 hit(s), 0 error(s), 0 left on base; Belleville 2 - Bellevue 0
TOP OF THE 8TH
Belleville Bulls batting - Pitching for Bellevue Bruins : RHP Fred Wilson
Pitching: RHP Ed Taylor
Batting: RHB Jesús Soto 0-0: Ball
1-0: Called Strike
1-1: Ball
2-1: Ball
3-1: Foul Ball, location: 2F
3-2: Base on Balls
Batting: RHB Henry Mann 0-0: Called Strike
0-1: Called Strike
0-2: Ball
1-2: Strikes out swinging
Batting: RHB Jaime Ramírez 0-0: Foul Ball, location: 2F
0-1: Ball
1-1: Ground out 4-3 (Groundball, 4M)
Jesús Soto to second
Batting: LHB Manuel Sánchez 0-0: Ball
1-0: Ground out 2-3 (Groundball, 2L)
Top of the 8th over - 0 run(s), 0 hit(s), 0 error(s), 1 left on base; Belleville 2 - Bellevue 0
BOTTOM OF THE 8TH
Bellevue Bruins batting - Pitching for Belleville Bulls : RHP José Zavala
Batting: RHB Edgar González 0-0: Foul Ball, location: 2F
0-1: Ball
1-1: Called Strike
1-2: Strikes out swinging
Batting: RHB Nick Hoskins 0-0: Called Strike
0-1: Foul Ball, location: 2F
0-2: Ball
1-2: Foul Ball, location: 2F
1-2: Ball
2-2: Strikes out swinging
Batting: SHB Ramón García 0-0: Called Strike
0-1: SINGLE (Flyball, 78M)
Batting: RHB Jesús Vargas 0-0: Called Strike
0-1: Swinging Strike
0-2: Foul Ball, location: 2F
0-2: Foul Ball, location: 2F
0-2: 2-RUN HOME RUN (Flyball, 78XD), Distance : 432 ft
Pinch Hitting: SHB Arsenio Sameiro 0-0: Ball
1-0: Called Strike
1-1: Foul Ball, location: 2F
1-2: Strikes out swinging
Bottom of the 8th over - 2 run(s), 2 hit(s), 0 error(s), 0 left on base; Belleville 2 - Bellevue 2
TOP OF THE 9TH
Belleville Bulls batting - Pitching for Bellevue Bruins : RHP Ed Taylor
Pitching: RHP Joe Griffin
Now at SS: Orlando López
Batting: RHB Ángel Rosa 0-0: Ball
1-0: Ball
2-0: Called Strike
2-1: Fly out, F4 (Line Drive, 4)
Pinch Hitting: RHB Alberto Blanco 0-0: Ground out 5-3 (Groundball, 56)
Pinch Hitting: RHB Felipe Gonzáles 0-0: Ball
1-0: Ball
2-0: Fly out, F5 (Popup, 15S)
Top of the 9th over - 0 run(s), 0 hit(s), 0 error(s), 0 left on base; Belleville 2 - Bellevue 2
BOTTOM OF THE 9TH
Bellevue Bruins batting - Pitching for Belleville Bulls : RHP José Zavala
Now at C: Alberto Blanco
Now at SS: Jim Unknown
Batting: RHB José Carlos Pérez 0-0: Ball
1-0: Called Strike
1-1: Ground out 5-3 (Groundball, 5S)
Pinch Hitting: SHB Jim Unknown 0-0: Ball
1-0: Foul Ball, location: 2F
1-1: SINGLE (Line Drive, 9LS)
Pitching: RHP Norberto Flores
Batting: RHB Mark Bishop 0-0: Swinging Strike
0-1: Ball
1-1: Ball
2-1: Foul Ball, location: 2F
2-2: Foul Ball, location: 2F
2-2: Foul Ball, location: 2F
2-2: DOUBLE (Flyball, 89D)
Jim Unknown to third
Pinch Hitting: LHB Jim Unknown 0-0: Intentional Walk
Pinch Hitting: RHB Jim Unknown 0-0: Ball
1-0: Grounds into fielders choice 5-2 (Groundball, 6S)
Mark Bishop to third
Jim Unknown to second
Pinch Hitting: RHB Luis Rodríguez 0-0: Called Strike
0-1: Ball
1-1: Ball
2-1: Ball
3-1: Swinging Strike
3-2: Base on Balls
Mark Bishop scores
Jim Unknown to third
Jim Unknown to second
This league is powered by Out of the Park Baseball, the baseball management simulation game for PC, Mac and Linux
Friday, April 15th, 2016 - OOTP Baseball 16.9 Build 39